 Dungeon Crawl Stone Soup version 0.28.0-1-gb440e238dd (webtiles) character file.

Game seed: 15500150941921233100

89 Acheron the Vexing (level 4, -1/36 HPs)
             Began as a Hill Orc Arcane Marksman on Feb 19, 2022.
             Slain by an adder (3 damage)
             ... on level 4 of the Dungeon.
             The game lasted 00:12:31 (1814 turns).

Acheron the Vexing (Hill Orc Arcane Marksman)       Turns: 1814, Time: 00:12:32

Health: -1/36      AC:  2    Str: 12    XL:     4   Next: 55%
Magic:  5/5        EV: 12    Int: 13    God:
Gold:   77         SH:  0    Dex: 13    Spells: 2/5 levels left

rFire   . . .      SeeInvis .   w - +2 hand axe (vorpal)
rCold   + . .      Faith    .   (no shield)
rNeg    . . .      Spirit   .   d - +0 robe
rPois   .          Reflect  .   (no helmet)
rElec   .          Harm     .   (no cloak)
rCorr   .          Rampage  .   (no gloves)
Will    .....                   (no boots)
Stlth   ++........              q - amulet of regeneration
HPRegen 0.92/turn               i - ring of protection from cold
MPRegen 0.09/turn               (no ring)

@: lethally poisoned (-1 -> -9)
A: no striking features
a: no special abilities


You were on level 4 of the Dungeon.
You visited 1 branch of the dungeon, and saw 4 of its levels.

You collected 77 gold pieces.

Inventory:

Hand Weapons
 a - a +0 short sword
 b - a +0 hand crossbow
 w - a +2 vorpal hand axe (weapon)
Missiles
 c - 28 bolts
 n - 5 datura-tipped darts (quivered)
Armour
 d - a +0 robe (worn)
Jewellery
 i - a ring of protection from cold (left hand)
 q - an amulet of regeneration (around neck)
Scrolls
 f - a scroll of teleportation
 j - a scroll of enchant armour {unknown}
 l - a scroll of immolation
Potions
 e - a potion of cancellation {unknown}
 g - a potion of brilliance
 h - 2 potions of curing {unknown}
 k - a potion of mutation {unknown}


   Skills:
 * Level 2.1 Fighting
 + Level 1.1 Short Blades
 * Level 2.5 Crossbows
 * Level 2.0 Dodging
 * Level 0.8 Stealth
 * Level 1.1 Spellcasting
 * Level 3.4 Hexes
 * Level 0.3 Ice Magic


You had 2 spell levels left.
You knew the following spells:

 Your Spells              Type           Power      Damage    Failure   Level
a - Slow                  Hex            36%        N/A       7%          1
b - Ensorcelled Hibernat  Hex/Ice        10%        N/A       19%         2

Your spell library contained the following spells:

 Spells                   Type           Power      Damage    Failure   Level
 Passwall                 Tmut/Erth      0%         N/A       38%         2
 Inner Flame              Hex/Fire       5%         N/A       38%         3
 Portal Projectile        Hex/Tloc       10%        N/A       38%         3
 Cause Fear               Hex            4%         N/A       56%         4
 Swiftness                Air            0%         N/A       63%         3


Dungeon Overview and Level Annotations

Branches:
Dungeon (4/15)
 Temple: D:4-7

Altars:
Qazlal
Trog

Annotations:
D:2 exclusion: downstairs


Message History

The adder barely misses you.
You hit the adder.
The adder is almost dead.
The adder barely misses you. x2
You completely miss the adder.
The adder is almost dead.
The adder bites you.
You are poisoned.
The adder poisons you!
You miss the adder.
The adder is almost dead.
You feel sick. The adder misses you. The adder closely misses you.
You closely miss the adder.
The adder is almost dead.
You feel sick. The adder bites you. x2
You are more poisoned.
The adder poisons you!
You hit the adder but do no damage.
The adder is almost dead.
You feel sick. The adder closely misses you.
You closely miss the adder.
The adder is almost dead.
You feel sick. The adder bites you but does no damage. The adder bites you.
You are more poisoned.
The adder poisons you!
You closely miss the adder.
The adder is almost dead.
You feel very sick. The adder bites you.
You are more poisoned.
The adder poisons you! The adder bites you.
* * * LOW HITPOINT WARNING * * *
You are lethally poisoned!
The adder poisons you!
You barely miss the adder.
The adder is almost dead.
* * * LOW HITPOINT WARNING * * *
You feel very sick. The adder bites you.
You die...

.........
...................#
..................[#
...................#
...................#
...... ...........# #.
..... ............##...
.. ...........S.......
.. ............@......#
.. ...........<.....###
................##
............#.....##
#.........##......#
#................#
#............##...#
####...###.....# #...#
..#....###.....####...#


You could see an adder.

Vanquished Creatures
  An orc wizard (D:3)
  A hound skeleton (D:4)
  2 worms
  An orc (D:3)
  5 ball pythons
  2 bats
  3 endoplasms (D:1)
  A giant cockroach (D:1)
  4 goblins
  7 hobgoblins
  3 jackals (D:2)
  A quokka (D:1)
  3 frilled lizards (D:2)
  5 kobolds
  2 rats
41 creatures vanquished.

Vanquished Creatures (others)
  An orc (D:3)
1 creature vanquished.

Grand Total: 42 creatures vanquished

Notes
Turn   | Place    | Note
-------+----------+-------------------------------------------
     0 | D:1      | Acheron the Hill Orc Arcane Marksman began the quest for
                  | the Orb.
     0 | D:1      | Reached XP level 1. HP: 16/16 MP: 2/2
   164 | D:1      | Reached XP level 2. HP: 22/23 MP: 3/3
   292 | D:1      | Learned a level 2 spell: Ensorcelled Hibernation
   758 | D:2      | Reached XP level 3. HP: 28/28 MP: 4/4
  1154 | D:2      | Found a bloodstained altar of Trog.
  1283 | D:3      | Noticed a gnoll sergeant
  1439 | D:3      | Found a stormy altar of Qazlal.
  1572 | D:3      | Reached XP level 4. HP: 11/36 MP: 5/5
  1659 | D:4      | Reached skill level 1 in Short Blades
  1777 | D:3      | Identified the +1 robe "Vypn" {rPois Str-3 Archmagi}
  1814 | D:4      | Slain by an adder

Illustrated notes

Levels and vault maps discovered:
D:1:      lemuel_arrival_broad_hall, layout_basic, minmay_misc_feat_x
D:2:      layout_basic, basic_altar
D:3:      layout_loops_ring, grunt_qazlal_clouds, biasface_ghost_orc_armoury
D:4:      layout_layer_cave, cheibrodos_ashenzari_chains

Skill      XL: |  1  2  3  4 |
---------------+-------------+-----
Crossbows      | 2 |  2.5
Fighting       | 2 |  2.1
Short Blades   | 1 |  1.1
Dodging        | 2 |  2.0
Stealth        | |  0.8
Spellcasting   | |  1.1
Hexes          | |  3.4
Ice Magic      | |  0.3

Action                   |  1- 3 |  4- 6 || total
-------------------------+-------+-------++-------
Melee: Short sword       |    90 |       ||    90
       Punch             |     1 |       ||     1
       Hand axe          |       |    39 ||    39
 Fire: Hand crossbow     |    60 |     3 ||    63
Throw: Dart              |     4 |       ||     4
  Use: Scroll            |     7 |       ||     7
       Potion            |     2 |       ||     2
 Stab: Sleeping          |       |     1 ||     1
Armor: Robe              |    19 |     8 ||    27
Dodge: Dodged            |    77 |    34 ||   111
